 Dungeon Crawl Stone Soup version 0.21.1-1-g345015fe64 (webtiles) character file.

100 NullDivider the Charlatan (level 4, 0/22 HPs)
             Began as a Spriggan Artificer on June 1, 2018.
             Killed by nerve-wracking pain
             ... invoked by an orc priest
              (8 damage)
             ... on level 2 of the Dungeon.
             The game lasted 00:08:04 (3492 turns).

NullDivider the Charlatan (Spriggan Artificer)      Turns: 3492, Time: 00:08:04

Health: 0/22       AC:  2    Str:  8    XL:     4   Next: 46%
Magic:  8/8        EV: 22    Int: 12    God:
Gold:   185        SH:  0    Dex: 17    Spells: 3/3 levels left

rFire    . . .     SeeInvis +   a - +0 short sword
rCold    . . .     Gourm    .   (shield restricted)
rNeg     . . .     Faith    .   b - +0 robe
rPois    .         Spirit   .   (helmet restricted)
rElec    .         Reflect  .   (no cloak)
rCorr    .         Harm     .   (gloves unavailable)
MR       .....                  (boots unavailable)
Stlth    ++........             (no amulet)
HPRegen  0.07/turn              s - +3 ring of evasion
MPRegen  0.11/turn              (no ring)

@: very quick
A: very small, unfitting armour, see invisible, herbivore, speed 3, slow
metabolism 2
a: no special abilities


You were on level 2 of the Dungeon.
You were hungry.

You visited 1 branch of the dungeon, and saw 3 of its levels.

You collected 185 gold pieces.

Inventory:

Hand Weapons
 a - a +0 short sword (weapon)
 k - a +0 hunting sling
Missiles
 g - 11 sling bullets
 j - 86 stones (quivered)
 o - 68 arrows
Armour
 b - a +0 robe (worn)
Jewellery
 s - a +3 ring of evasion (left hand)
Wands
 c - a wand of flame (15)
 d - a wand of enslavement (12)
 e - a wand of random effects (13)
Scrolls
 h - 2 scrolls of identify {unknown}
 i - 3 scrolls of remove curse
 l - 2 scrolls of fear {unknown}
 m - a scroll of magic mapping {unknown}
 p - a scroll of blinking {unknown}
 q - 2 scrolls of teleportation {unknown}
 t - a scroll of amnesia {unknown}
 u - 2 scrolls of random uselessness {unknown}
Potions
 n - a potion of might
 r - a potion of invisibility {unknown}
Comestibles
 f - 3 rations


   Skills:
 * Level 1.1 Fighting
 * Level 3.1 Short Blades
 + Level 0.1 Throwing
 + Level 3.9 Dodging
 + Level 2.9 Stealth
 + Level 4.8 Evocations


You had 3 spell levels left.
You didn't know any spells.

Dungeon Overview and Level Annotations

Branches:
Dungeon (3/15)

Altars:
Ru
Xom


Innate Abilities, Weirdness & Mutations

You are very small and have problems with some larger weapons.
You are too small for most types of armour.
You have supernaturally acute eyesight. (SInv)
You are a herbivore.
You cover ground extremely quickly.
You need consume almost no food.


Message History

You hit the orc priest.
The orc priest is heavily wounded.
The orc priest closely misses you.
You hit the orc priest.
The orc priest is heavily wounded.
The orc priest completely misses you.
You hit the orc priest.
The orc priest is severely wounded.
The orc priest closely misses you.
You closely miss the orc priest.
The orc priest is severely wounded.
The orc priest misses you.
You closely miss the orc priest.
The orc priest is severely wounded.
The orc priest hits you.
You hit the orc priest.
The orc priest is almost dead.
The orc priest calls down the wrath of Beogh upon you.
Pain shoots through your body!
You die...

#. #. #† #.
#######################.
#.....#.................
#.###.#.###############.
#.# #.#.######### #. #.#
#.#@o.......# #.
####.###.#'#######.# #.
#............# #.# #.
#............# #.## ##
#......†.....#####..# #
#...................#
####.######.........## #
#.# #..........# # #†#
#........#.## #


You could see an orc priest.

Vanquished Creatures
  2 adders (D:2)
  A gnoll (D:2)
  An ooze (D:2)
  3 dart slugs (D:2)
  2 leopard geckos
  An orc (D:1)
  A ball python (D:1)
  6 bats
  4 goblins
  3 hobgoblins (D:2)
  7 jackals (D:2)
  7 kobolds
  2 quokkas (D:2)
  2 frilled lizards (D:2)
  2 rats
44 creatures vanquished.

Vanquished Creatures (collateral kills)
  2 gnolls (D:2)
2 creatures vanquished.

Vanquished Creatures (others)
  A gnoll (D:2)
1 creature vanquished.

Grand Total: 47 creatures vanquished

Notes
Turn   | Place    | Note
-------+----------+-------------------------------------------
     0 | D:1      | NullDivider the Spriggan Artificer began the quest for the Orb.
     0 | D:1      | Reached XP level 1. HP: 9/9 MP: 4/4
   592 | D:1      | Reached XP level 2. HP: 12/14 MP: 6/6
  1886 | D:2      | Found a shimmering altar of Xom.
  1949 | D:2      | Reached XP level 3. HP: 9/17 MP: 7/7
  2558 | D:2      | Reached skill level 1 in Fighting
  2811 | D:2      | Reached XP level 4. HP: 10/22 MP: 8/8
  3127 | D:2      | Found a sacrificial altar of Ru.
  3492 | D:2      | Killed from afar by an orc priest

Skill      XL: |  1  2  3  4 |
---------------+-------------+-----
Stealth        | 2 |  2.9
Short Blades   | 2 3 |  3.1
Fighting       | 1 |  1.1
Throwing       | |  0.1
Dodging        | |  3.9
Evocations     | |  4.8

Action                   |  1- 3 |  4- 6 || total
-------------------------+-------+-------++-------
Melee: Short sword       |   141 |    72 ||   213
Throw: Stone             |     6 |       ||     6
Evoke: Wand              |     5 |       ||     5
  Use: Potion            |     2 |       ||     2
       Scroll            |     1 |       ||     1
 Stab: Sleeping          |     1 |     3 ||     4
       Distracted        |     1 |       ||     1
Armor: Robe              |     6 |     4 ||    10
Dodge: Dodged            |   183 |    58 ||   241
